AoeStats
← [KMNB] Bandeira

Lombardia

508208518Analyzed
2v2 RM · 12d ago on Sep 21, 2026· 48m 13s· 4 players
Game mode
Random Map
Map size
Medium (4 player)
Population
200
Speed
Normal
Resources
Standard
Victory
Conquest
Starting age
Dark Age
Ending age
Imperial Age
RankedLock teamsTeams togetherTeam positionsShared explorationLock speedFull tech treeHidden civsTurbo modeCheats
Victory
Defeat
🇧🇷 Magyars · Brazil
1488
+19
🇧🇷 Britons · Brazil
1438
+21
🇨🇳 Khmer · China
1643
-23
🇨🇳 Spanish · China
1467
-17
[KMNB] Bandeira
6:37 Loom
9:32 Feudal Age
10:11 Double-Bit Axe
15:48 Scale Barding Armor
18:12 Wheelbarrow
21:09 Castle Age
19:53 Bloodlines
19:42 Gold Mining
20:23 Horse Collar
22:19 Chain Barding Armor
24:34 Husbandry
33:46 Stone Mining
34:31 Gold Shaft Mining
38:43 Imperial Age
36:31 Hand Cart
38:23 Fletching
38:38 Heavy Plow
38:58 Bow Saw
38:50 Cavalier
40:32 Plate Barding Armor
41:03 Paladin
47:32 Caravan
[KMNB] Dedão
6:36 Loom
9:24 Feudal Age
10:04 Double-Bit Axe
12:49 Fletching
14:25 Padded Archer Armor
17:56 Wheelbarrow
21:48 Castle Age
20:15 Gold Mining
20:07 Horse Collar
21:53 Crossbowman
22:34 Bodkin Arrow
23:06 Bow Saw
24:25 Ballistics
28:35 Hand Cart
29:33 Heavy Plow
29:56 Leather Archer Armor
29:49 Stone Mining
32:11 Town Watch
35:49 Imperial Age
35:54 Arbalester
36:37 Bracer
37:47 Chemistry
37:57 Conscription
40:28 Ring Archer Armor
40:09 Forging
43:00 Scale Barding Armor
43:31 Iron Casting
43:21 Yeomen
44:15 Caravan
45:11 Chain Barding Armor
47:52 Husbandry
47:13 Light Cavalry
正义使者
10:05 Feudal Age
8:29 Loom
10:14 Feudal Age
15:16 Castle Age
13:26 Double-Bit Axe
22:34 Horse Collar
23:30 Fletching
23:40 Padded Archer Armor
24:18 Bow Saw
25:28 Leather Archer Armor
30:43 Wheelbarrow
29:53 Town Watch
34:34 Fletching
35:17 Heavy Plow
34:49 Elite Skirmisher
35:32 Bodkin Arrow
36:00 Bloodlines
36:50 Thumb Ring
39:54 Ballistics
42:07 Imperial Age
42:53 Hand Cart
42:24 Town Watch
43:44 Bracer
44:38 Gold Mining
46:18 Chemistry
47:30 Pikeman
Player86688262
6:16 Loom
8:38 Feudal Age
9:15 Double-Bit Axe
9:50 Horse Collar
17:01 Gold Mining
19:47 Castle Age
18:20 Bloodlines
18:49 Scale Barding Armor
20:49 Bow Saw
21:00 Chain Barding Armor
20:58 Light Cavalry
23:29 Heavy Plow
32:25 Forging
33:12 Wheelbarrow
32:50 Husbandry
34:26 Gold Shaft Mining
38:35 Imperial Age
38:11 Iron Casting
39:53 Plate Barding Armor
40:19 Blast Furnace
39:13 Cavalier
44:05 Hussar
46:13 Hand Cart
Connection lost

Rejoining the realm…

Still unreachable

The connection could not be restored.

Session expired

The server has moved on; the page needs a fresh start.